 Dungeon Crawl Stone Soup version 0.31.0-32-g396128a36d (webtiles) character file.

Game seed: 1710231424077023958

118 NotreDorf the Apothecary (level 5, -1/35 HPs)
             Began as a Merfolk Alchemist on Mar 27, 2024.
             Slain by a gnoll
             ... wielding a +0 whip
              (9 damage)
             ... on level 3 of the Dungeon.
             The game lasted 00:09:35 (2746 turns).

NotreDorf the Apothecary (Merfolk Alchemist)        Turns: 2746, Time: 00:09:35

Health: -1/35      AC:  2    Str:  8    XL:     5   Next: 2%
Magic:  2/9        EV: 13    Int: 17    God:
Gold:   93         SH:  0    Dex: 14    Spells: 7/10 levels left

rFire   . . .        m - +4 spear
rCold   . . .        (no shield)
rNeg    . . .        a - +0 robe
rPois   .            (no helmet)
rElec   .            (no cloak)
rCorr   .            (no gloves)
SInv    +            (no boots)
Will    .....        (no amulet)
Stlth   ++           i - ring of see invisible
HPRegen 0.25/turn    (no ring)
MPRegen 0.11/turn

%: no passive effects
@: weakened
A: (nimble swimmer 2), mertail
a: no special abilities


You were on level 3 of the Dungeon.
You visited 1 branch of the dungeon, and saw 3 of its levels.

You collected 143 gold pieces.
You spent 50 gold pieces at shops.

Inventory:

Hand Weapons
 m - a +4 spear (weapon)
Missiles
 c - a throwing net
Armour
 a - a +0 robe (worn)
Jewellery
 i - a ring of see invisible (left hand)
Wands
 j - a wand of polymorph (4)
Scrolls
 d - 2 scrolls of poison {unknown}
 e - a scroll of fog
 k - a scroll of teleportation {unknown}
 l - a scroll of amnesia {unknown}
Potions
 b - a potion of magic
 g - 2 potions of enlightenment
 h - a potion of mutation


   Skills:
 + Level 0.7 Polearms
 + Level 4.4 Dodging
 - Level 2.1 Stealth
 + Level 3.0 Spellcasting
 - Level 0.7 Conjurations
 + Level 5.3 Alchemy


You had 7 spell levels left.
You knew the following spells:

 Your Spells              Type           Power      Damage    Failure   Level
a - Sting                 Conj/Alch      48%        1d6       4%          1
b - Mercury Vapours       Alch/Air       22%        N/A       9%          2

Your spell library contained the following spells:

 Spells                   Type           Power      Damage    Failure   Level
 Olgreb's Toxic Radiance  Alch           20%        N/A       21%         4
 Mephitic Cloud           Conj/Alch/Air  9%         N/A       22%         3
 Fugue of the Fallen      Necr           2%         N/A       45%         3
 Ozocubu's Armour         Ice            2%         N/A       45%         3
 Sticky Flame             Fire/Alch      11%        2d5       52%         4
 Manifold Assault         Tloc           2%         N/A       86%         4


Dungeon Overview and Level Annotations

Branches:
Dungeon (3/15)

Altars:

Shops:
D:2 :![*

Annotations:
D:2 1 runed translucent door, Crazy Yiuf


Innate Abilities, Weirdness & Mutations

((You are very nimble when in or above water. (Stealth+, EV+, Speed+++)))
Your lower body shifts to a powerful aquatic tail in water.


Message History

You have reached level 5!
You feel clever.
Casting: Sting (safe; 4% risk of failure)
Confirm with . or Enter, or press ? or * to list all spells.
Aiming: Sting (safe; 4% risk of failure)
Press: ? - help, Shift-Dir - straight line, f - gnoll
Aim: a gnoll, wielding a +0 whip of electrocution (75% to hit)
The sting hits the gnoll.
The gnoll is poisoned.
The gnoll is moderately wounded.
The gnoll closely misses you.
Casting: Sting (safe; 4% risk of failure)
Confirm with . or Enter, or press ? or * to list all spells.
Aiming: Sting (safe; 4% risk of failure)
Press: ? - help, Shift-Dir - straight line, f - gnoll, p - gnoll
Aim: a gnoll, wielding a +0 whip (75% to hit)
The sting misses the gnoll.
The gnoll hits you with a +0 whip of electrocution.
Casting: Sting (safe; 4% risk of failure)
Confirm with . or Enter, or press ? or * to list all spells.
Aiming: Sting (safe; 4% risk of failure)
Press: ? - help, Shift-Dir - straight line, f/p - gnoll
Aim: a gnoll, wielding a +0 whip (75% to hit)
The sting hits the gnoll.
The gnoll is poisoned.
The gnoll is moderately wounded.
The gnoll hits you with a +0 whip of electrocution.
You are electrocuted!
The gnoll hits you with a +0 whip. The gnoll attacks as it pursues you!
The gnoll hits you with a +0 whip of electrocution.
* * * LOW HITPOINT WARNING * * *
The gnoll attacks as it pursues you! The gnoll barely misses you.
Casting: Sting (safe; 4% risk of failure)
Confirm with . or Enter, or press ? or * to list all spells.
Aiming: Mercury Vapours (safe; 9% risk of failure)
Press: ? - help, Dir - move target, f - gnoll, p - gnoll
Aim: a gnoll, wielding a +0 whip of electrocution (heavily wounded, poisoned, chance to weaken: 100%) Fumes of mercury billow around the gnoll!
The gnoll looks even sicker.
The gnoll looks weaker.
You feel your attacks grow feeble. The gnoll hits you with a +0 whip!
You die...

#..####.#......#.###.#######
#.......#......#.###.############
#.#######.#.##.#.###.########....
#......##.#..........########....
#..###.##.#.......##....(.......(
##.# #.......#.##.##.########....
,#.###.##......#.).).......##....
,#.....###..####gg##.#####.######
,########...####@.##.......# ,*
#.........##.#####.# ,*
#...####.###)#####.# ,*
#...####.# #....##.###### ,*
*****#........# #)##.##.#.....
,***,,,,.........# #.##.##.#.....
,,,,,,,,.........# #.............
,***,,,,.........#*#.##..###.....
,* ****,......................)..


You could see 2 gnolls.

Vanquished Creatures
  Jessica (D:2)
  2 gnolls (D:3)
  An adder (D:2)
  5 dart slugs
  A ribbon worm (D:2)
  2 bats (D:1)
  5 endoplasms
  4 giant cockroaches
  10 goblins
  3 hobgoblins
  A quokka (D:2)
  4 ball pythons (D:2)
  3 frilled lizards
  6 kobolds
  4 rats
52 creatures vanquished.

Notes
Turn   | Place    | Note
-------+----------+-------------------------------------------
     0 | D:1      | NotreDorf the Merfolk Alchemist began the quest for the
                  | Orb.
     0 | D:1      | Reached XP level 1. HP: 13/13 MP: 3/3
   283 | D:1      | Reached XP level 2. HP: 19/19 MP: 3/5
  1096 | D:1      | Learned a level 2 spell: Mercury Vapours
  1164 | D:2      | Found Lappud's Distillery.
  1170 | D:2      | Bought 2 potions of degeneration for 24 gold pieces
  1227 | D:2      | Found a runed translucent door.
  1228 | D:2      | Noticed Crazy Yiuf
  1248 | D:2      | Reached XP level 3. HP: 24/24 MP: 4/6
  1283 | D:2      | Found Femiorgh's General Store.
  1298 | D:2      | Bought a scroll of identify for 26 gold pieces
  1311 | D:2      | Found Lacsoy's Antique Armour Shop.
  1418 | D:2      | Found Sesi's Book Shoppe.
  1848 | D:2      | Reached XP level 4. HP: 30/30 MP: 4/8
  1882 | D:2      | Noticed Jessica
  1892 | D:2      | Killed Jessica
  1893 | D:2      | Reached skill level 5 in Alchemy
  2742 | D:3      | Reached XP level 5. HP: 35/35 MP: 6/9
  2746 | D:3      | Slain by a gnoll

Illustrated notes

Levels and vault maps discovered:
D:1:      nzn_arrival_depleted_hourglass, layout_basic, serial_glass,
          glass_columns_c, glass_columns_b, minmay_close_crescents
D:2:      layout_basic, serial_shops, shop, nicolae_shop_crystal, shop,
          nicolae_shop_hallway_plus, small_statue_intersection,
          grunt_ministairs_12, uniq_crazy_yiuf_cottage, uniq_jessica
D:3:      layout_loops_cross, dreamdust_princess_corridor, minivault_25,
          uniq_natasha

Skill      XL: |  1  2  3  4 |
---------------+-------------+-----
Dodging        | 3 4 |  4.4
Alchemy        | 5 |  5.3
Spellcasting   | 3 |  3.0
Polearms       | |  0.7
Stealth        | |  2.1
Conjurations   | |  0.7

Action                     |  1- 3 |  4- 6 || total
---------------------------+-------+-------++-------
  Melee: Dagger            |    36 |     4 ||    40
         Spear             |       |     4 ||     4
   Cast: Sting             |    48 |    25 ||    73
         Mercury Vapours   |       |     1 ||     1
    Use: Scroll            |     2 |     3 ||     5
 Armour: Robe              |    17 |     6 ||    23
  Dodge: Dodged            |    24 |     9 ||    33
